[Event "Titled Tuesday Blitz May 9 Late 2023"]
[White "Demchenko, Anton"]
[Black "Rodriguez Fontecha, Marcos"]
[WhiteFideId "4160258"]
[BlackFideId "2256576"]
[WhiteElo "2545"]
[BlackElo "2249"]
[Result "0-1"]
[Round "01"]
[TimeControl "180+2"]
[Date "2023.05.09"]
[WhiteClock "0:00:00"]
[BlackClock "0:01:59"]

1. e4 e6 2. d4 d5 3. Nc3 h6 4. Bd3 Nc6 5. Nf3 Nb4 6. Be2 Nf6 7. e5 Ne4 8. Nb1 c5 9. c3 Nc6 10. O-O Qb6 11. a3 cxd4 12. cxd4 Bd7 13. b4 a5 14. b5 Ne7 15. a4 Nf5 16. Bb2 Be7 17. Bd3 O-O 18. Nbd2 Ng5 19. Nxg5 hxg5 20. Nb3 Rfc8 21. Qe2 g6 0-1


[Site "https://www.chess.com"]

[Event "Titled Tuesday Blitz May 9 Late 2023"]
[White "Perez Rodriguez, Jennifer"]
[Black "Chigaev, Maksim"]
[WhiteFideId "3507831"]
[BlackFideId "4108116"]
[WhiteElo "2116"]
[BlackElo "2558"]
[Result "1-0"]
[Round "01"]
[TimeControl "180+2"]
[Date "2023.05.09"]
[WhiteClock "0:01:03"]
[BlackClock "0:00:00"]

1. e4 e6 2. d4 d5 3. Bd3 dxe4 4. Bxe4 Nf6 5. Bf3 Nbd7 6. Ne2 Bd6 7. O-O O-O 8. Bf4 e5 9. Bg5 h6 10. dxe5 Nxe5 11. Bh4 Nxf3+ 12. gxf3 Bh3 13. Re1 Be5 14. Qxd8 Raxd8 15. Nbc3 Rd2 16. Rac1 c6 17. Bxf6 gxf6 18. f4 Bxc3 19. Nxc3 Kg7 20. Ne4 Rd4 21. Re3 Bf5 22. Rg3+ 1-0


[Site "https://www.chess.com"]

[Event "Titled Tuesday Blitz May 9 Late 2023"]
[White "Yoo, Christopher Woojin"]
[Black "Ladan, Nicholas"]
[WhiteFideId "30909694"]
[BlackFideId "30918855"]
[WhiteElo "2519"]
[BlackElo "2167"]
[Result "1-0"]
[Round "01"]
[TimeControl "180+2"]
[Date "2023.05.09"]
[WhiteClock "0:01:14"]
[BlackClock "0:00:46"]

1. d4 d5 2. Nf3 Nf6 3. Bf4 c5 4. e3 Nc6 5. Nbd2 cxd4 6. exd4 Bf5 7. Bb5 Qb6 8. c4 dxc4 9. a4 e6 10. Nxc4 Bb4+ 11. Bd2 Bxd2+ 12. Qxd2 Qc7 13. Qb4 Nd5 14. Nd6+ Kd7 15. Ne5+ Kd8 16. Nexf7+ Kd7 17. Qc5 Qa5+ 18. Kf1 Qb4 19. Bxc6+ bxc6 20. Ne5+ Ke7 21. Nxc6+ 1-0


[Site "https://www.chess.com"]

[Event "Titled Tuesday Blitz May 9 Late 2023"]
[White "Prydun, Andriy"]
[Black "Tari, Aryan"]
[WhiteFideId "14145898"]
[BlackFideId "1510045"]
[WhiteElo "2164"]
[BlackElo "2571"]
[Result "0-1"]
[Round "01"]
[TimeControl "180+2"]
[Date "2023.05.09"]
[WhiteClock "0:00:01"]
[BlackClock "0:00:09"]

1. e4 e5 2. Nf3 Nc6 3. Bb5 a6 4. Ba4 Nf6 5. d3 Bc5 6. b4 Bxb4+ 7. c3 Bd6 8. O-O O-O 9. Bg5 b5 10. Bc2 Be7 11. d4 d6 12. a4 Rb8 13. axb5 axb5 14. Nbd2 b4 15. d5 bxc3 16. Nb1 Nb4 17. Nxc3 Bg4 18. Ba4 Nfxd5 19. Nxd5 Bxg5 20. Nxb4 Rxb4 21. Bc6 Qb8 22. Ra3 Qb6 23. Qd5 Bxf3 24. Rxf3 Rd4 25. Rb3 Rxd5 26. Rxb6 Rc5 27. Ra6 g6 28. Rd1 Kg7 29. g3 h5 30. h4 Bh6 31. Rb1 g5 32. hxg5 Bxg5 33. Rb7 Bd8 34. Bd5 h4 35. gxh4 Bxh4 36. Rc6 Rxc6 37. Bxc6 Ra8 38. Rxc7 Ra1+ 39. Kg2 Rc1 40. f3 Bg5 41. Rc8 Rc2+ 42. Kg3 Bf4+ 43. Kg4 Kf6 44. Bd7 Rg2+ 45. Kh3 Rg3+ 46. Kh4 Rxf3 47. Rc6 Rd3 48. Bf5 Ke7 49. Rc7+ Kf8 50. Rd7 Ke8 51. Kg4 Rd1 52. Kf3 Rd3+ 53. Ke2 Rd4 54. Kf3 Kf8 55. Rd8+ Kg7 56. Rd7 Kf6 57. Ke2 d5 58. Kf3 dxe4+ 59. Kg4 Rb4 60. Rd6+ Ke7 61. Rc6 e3 62. Kh5 e2 63. Bg4 e1=Q 64. Rc7+ Kf6 65. Rxf7+ Kxf7 0-1


[Site "https://www.chess.com"]

[Event "Titled Tuesday Blitz May 9 Late 2023"]
[White "Livaic, Leon"]
[Black "OPQRC"]
[WhiteFideId "14531534"]
[WhiteElo "2522"]
[BlackElo "2463"]
[Result "1-0"]
[Round "01"]
[TimeControl "180+2"]
[Date "2023.05.09"]
[WhiteClock "0:01:59"]
[BlackClock "0:00:17"]

1. d4 Nf6 2. c4 g6 3. Nc3 Bg7 4. e4 d6 5. h3 O-O 6. Be3 e5 7. d5 a5 8. g4 Na6 9. Nge2 Nd7 10. h4 Ndc5 11. Ng3 c6 12. h5 cxd5 13. cxd5 Bd7 14. f3 Rb8 15. Qd2 b5 16. Qh2 g5 17. h6 Bf6 18. Qd2 Kh8 19. Nd1 b4 20. Be2 Rg8 21. Kf2 Bb5 22. Bxb5 Rxb5 23. Nf5 Rg6 24. Rc1 a4 25. Kg2 Qd7 26. Nf2 Rb8 27. Nd3 Qb5 28. Rhd1 Bd8 29. Nxc5 Nxc5 30. Bxc5 dxc5 31. Qd3 Qb6 32. d6 b3 33. a3 Qc6 34. Qd5 Qd7 35. Rxc5 Rc8 1-0


[Site "https://www.chess.com"]

[Event "Titled Tuesday Blitz May 9 Late 2023"]
[White "KorolDimitriy75"]
[Black "Ibarra Jerez, Jose Carlos"]
[BlackFideId "2226332"]
[WhiteElo "2462"]
[BlackElo "2638"]
[Result "0-1"]
[Round "01"]
[TimeControl "180+2"]
[Date "2023.05.09"]
[WhiteClock "0:00:00"]
[BlackClock "0:01:10"]

1. d4 Nf6 2. c4 d6 3. Nc3 e5 4. Nf3 e4 5. Ng5 Qe7 6. e3 h6 7. Nh3 c6 8. Nf4 g5 9. Nh5 Nxh5 10. Qxh5 Nd7 11. Qd1 Bg7 12. Be2 O-O 13. O-O f5 14. f3 exf3 15. Bxf3 Nf6 16. Qd3 Bd7 17. Bd2 Rae8 18. Rae1 Qf7 19. e4 f4 20. Bd1 c5 21. dxc5 dxc5 22. Nd5 Ng4 23. Bxg4 Bxg4 24. Bc3 Re5 25. h3 Bh5 26. b3 Rfe8 27. Rf2 Bg6 28. Bxe5 Bxe5 29. Kh1 Bd4 30. Rf3 Re5 31. Re2 Qe6 32. Rf1 Bxe4 0-1


[Site "https://www.chess.com"]

[Event "Titled Tuesday Blitz May 9 Late 2023"]
[White "Dardha, Daniel"]
[Black "Mikhalsky, Vladimir"]
[WhiteFideId "240990"]
[BlackFideId "14144352"]
[WhiteElo "2581"]
[BlackElo "2236"]
[Result "1-0"]
[Round "01"]
[TimeControl "180+2"]
[Date "2023.05.09"]
[WhiteClock "0:01:40"]
[BlackClock "0:00:00"]

1. e4 g6 2. h4 h5 3. d4 Bg7 4. Bc4 c6 5. Qf3 e6 6. e5 d5 7. exd6 Qxd6 8. Ne2 Nd7 9. Nbc3 Ngf6 10. Bf4 Qb4 11. Bb3 Ng4 12. O-O-O a5 13. Ne4 Bh6 14. a3 Qe7 15. Kb1 a4 16. Ba2 Bxf4 17. Nxf4 Ndf6 18. Ng5 Ra5 19. Rhe1 O-O 20. Ngxe6 fxe6 21. Nxg6 Qg7 22. Nxf8 Qxf8 23. Bxe6+ Bxe6 24. Rxe6 Nd5 25. Rg6+ Kh7 26. Qxf8 Kxg6 27. Qg8+ Kh6 28. Qg5+ Kh7 29. Qxh5+ Nh6 30. Qe5 Nc3+ 31. bxc3 Rxe5 32. dxe5 Ng4 33. Rd7+ Kg6 34. e6 Kf6 35. f3 Ne5 36. e7 Kf7 37. Rxb7 Nc4 38. h5 1-0


[Site "https://www.chess.com"]

[Event "Titled Tuesday Blitz May 9 Late 2023"]
[White "Vega Gutierrez, Sabrina"]
[Black "Kamsky, Gata"]
[WhiteFideId "2219026"]
[BlackFideId "2000024"]
[WhiteElo "2209"]
[BlackElo "2660"]
[Result "0-1"]
[Round "01"]
[TimeControl "180+2"]
[Date "2023.05.09"]
[WhiteClock "0:00:00"]
[BlackClock "0:01:04"]

1. e4 c5 2. Nf3 e6 3. d4 cxd4 4. Nxd4 a6 5. Nc3 b5 6. Bd3 Qb6 7. Nb3 Qc7 8. O-O Nc6 9. f4 Bb7 10. Kh1 Nb4 11. f5 Nf6 12. Bg5 Be7 13. a3 Nxd3 14. cxd3 Rc8 15. Rc1 Qb8 16. Qe1 e5 17. Na5 Ba8 18. Ne2 O-O 19. Ng3 Rxc1 20. Qxc1 Rc8 21. Qd1 Qc7 22. b4 Qc2 23. Qf3 h6 24. Rc1 Qxc1+ 25. Bxc1 Rxc1+ 26. Nf1 d5 27. Nb3 Rc3 28. Nbd2 Rxa3 29. Qg3 Bd6 30. exd5 Bxd5 31. Ne4 Bxe4 32. dxe4 Rxg3 33. Nxg3 Bxb4 0-1


[Site "https://www.chess.com"]

[Event "Titled Tuesday Blitz May 9 Late 2023"]
[White "Pichot, Alan"]
[Black "marik_spb"]
[WhiteFideId "110973"]
[WhiteElo "2573"]
[BlackElo "2456"]
[Result "1-0"]
[Round "01"]
[TimeControl "180+2"]
[Date "2023.05.09"]
[WhiteClock "0:00:32"]
[BlackClock "0:00:02"]

1. e4 c6 2. Nf3 d5 3. e5 Bf5 4. Nh4 Bg6 5. d4 e6 6. Nxg6 hxg6 7. Nd2 c5 8. Nf3 Ne7 9. dxc5 Nec6 10. c3 Nd7 11. Bf4 Bxc5 12. Bd3 Qc7 13. Qe2 g5 14. Nxg5 Ndxe5 15. Bb5 Bd6 16. Bg3 a6 17. Ba4 b5 18. Bb3 O-O-O 19. a4 Nc4 20. axb5 Bxg3 21. bxc6 Bxh2 22. Rxa6 Nb6 23. Qb5 Bf4 24. Rxh8 Qe5+ 25. Kf1 Rxh8 26. Nh3 Bd2 27. Ra8+ Kc7 28. Ra7+ Kc8 29. Qa6+ Kd8 30. Qxb6+ Ke8 31. Ra1 Rxh3 32. Ra8+ Ke7 33. Qd8# 1-0


[Site "https://www.chess.com"]

[Event "Titled Tuesday Blitz May 9 Late 2023"]
[White "Przybylski, Wojciech"]
[Black "Norowitz, Yaacov"]
[WhiteFideId "1117599"]
[BlackFideId "2024799"]
[WhiteElo "2222"]
[BlackElo "2401"]
[Result "1-0"]
[Round "01"]
[TimeControl "180+2"]
[Date "2023.05.09"]
[WhiteClock "0:00:13"]
[BlackClock "0:00:00"]

1. e4 c6 2. d4 d5 3. Nc3 dxe4 4. Nxe4 Nf6 5. Nc3 Bf5 6. g3 e6 7. a3 Nbd7 8. Bg2 Be7 9. Nf3 O-O 10. O-O Nb6 11. h3 h6 12. Kh2 Nbd5 13. Nxd5 cxd5 14. c3 Bd6 15. Ne5 Qc7 16. Nd3 Rfc8 17. Bf4 Bxd3 18. Bxd6 Qxd6 19. Qxd3 Rab8 20. Rae1 b5 21. Re2 a5 22. Rc1 g6 23. Kg1 Kg7 24. Re3 b4 25. axb4 axb4 26. c4 dxc4 27. Rxc4 Rxc4 28. Qxc4 Rd8 29. Rd3 Qb6 30. d5 Qd6 31. Rd4 e5 32. Rd3 h5 33. Rb3 Rb8 34. Qc6 Qd8 35. d6 Rb6 36. Qc7 Qxd6 37. Qxd6 Rxd6 38. Rxb4 Rd1+ 39. Kh2 Rd2 40. Kg1 Nd7 41. Bf1 Nc5 42. h4 Ne6 43. Rb7 Nc5 44. Rb5 Rc2 45. b4 Ne4 46. Bd3 Rc1+ 47. Kg2 Nf6 48. Rxe5 Rd1 49. Bc4 Kf8 50. Rc5 Rd2 51. Rc7 Ng4 52. Rxf7+ Ke8 53. Rf4 Rb2 54. Bf7+ Ke7 55. Bxg6 Ne3+ 56. Kf3 Nd1 57. Kg2 Ne3+ 58. Kg1 1-0


[Site "https://www.chess.com"]

[Event "Titled Tuesday Blitz May 9 Late 2023"]
[White "Grigoriants, Sergey"]
[Black "DubiousM0ves532"]
[WhiteFideId "4130804"]
[WhiteElo "2502"]
[BlackElo "2450"]
[Result "1-0"]
[Round "01"]
[TimeControl "180+2"]
[Date "2023.05.09"]
[WhiteClock "0:00:21"]
[BlackClock "0:00:03"]

1. d4 Nf6 2. c4 e6 3. Nc3 d5 4. Nf3 Be7 5. Bf4 a6 6. cxd5 exd5 7. e3 c6 8. Bd3 O-O 9. h3 Re8 10. Qc2 Nbd7 11. Bh2 Nf8 12. Ne5 c5 13. O-O c4 14. Be2 b5 15. Nc6 Qb6 16. Nxe7+ Rxe7 17. a3 g6 18. Be5 Bf5 19. Qd2 N8d7 20. Bf4 Ne4 21. Nxe4 Bxe4 22. g4 Rae8 23. f3 Bd3 24. Bxd3 cxd3 25. Qxd3 f6 26. Rfe1 g5 27. Bg3 Qe6 28. Rac1 Nb6 29. b3 Rc8 30. Kf2 Ree8 31. h4 Rxc1 32. Rxc1 Rc8 33. Rc5 Qe7 34. hxg5 Rxc5 35. gxf6 Qf8 36. f7+ Kxf7 37. Qxh7+ Ke8 38. Qg6+ Qf7 39. Qxf7+ Kxf7 1-0


[Site "https://www.chess.com"]

[Event "Titled Tuesday Blitz May 9 Late 2023"]
[White "Mackster23"]
[Black "Bachmann, Axel"]
[BlackFideId "3700488"]
[WhiteElo "2450"]
[BlackElo "2605"]
[Result "0-1"]
[Round "01"]
[TimeControl "180+2"]
[Date "2023.05.09"]
[WhiteClock "0:00:00"]
[BlackClock "0:01:23"]

1. e4 Nc6 2. Nc3 d6 3. d4 Nf6 4. Nf3 Bg4 5. Be2 e6 6. Be3 Be7 7. h3 Bh5 8. Nd2 Bg6 9. Bf3 O-O 10. Nb3 d5 11. e5 Nd7 12. g3 f6 13. Bg4 fxe5 14. Bxe6+ Kh8 15. Nxd5 exd4 16. Nxd4 Nde5 17. Nxc6 bxc6 18. Nf4 Be4 19. Rf1 Nf3+ 20. Ke2 Qe8 21. c3 Bd6 22. Bg4 Bxf4 23. gxf4 Nh2 24. Rg1 h5 25. f3 Bd5 26. Rg2 hxg4 0-1


[Site "https://www.chess.com"]

[Event "Titled Tuesday Blitz May 9 Late 2023"]
[White "Xiong, Jeffery"]
[Black "Dauner, Benedikt"]
[WhiteFideId "2047640"]
[BlackFideId "16225899"]
[WhiteElo "2726"]
[BlackElo "2205"]
[Result "1-0"]
[Round "01"]
[TimeControl "180+2"]
[Date "2023.05.09"]
[WhiteClock "0:02:01"]
[BlackClock "0:00:00"]

1. d4 Nf6 2. c4 Nc6 3. Nf3 e6 4. g3 d5 5. Nbd2 dxc4 6. Nxc4 Bb4+ 7. Bd2 Bxd2+ 8. Qxd2 Qd5 9. Rc1 Ne4 10. Qe3 Nd6 11. b3 Nf5 12. Qf4 Nfxd4 13. Bg2 O-O 14. Qxc7 Qe4 15. Ne3 e5 16. Nxd4 Qxd4 17. Bxc6 bxc6 18. O-O Bh3 19. Rfd1 Qb2 20. Rc2 Qa3 21. Qxe5 Rfe8 22. Qh5 Be6 23. Qc5 Qa6 24. Qxc6 Qa5 25. Qc5 Qa6 26. Rd6 Qb7 27. Qd4 a5 28. h4 a4 29. bxa4 Qb1+ 30. Kg2 Bxa2 31. Rb6 Bb3 32. Rc3 Rxe3 33. Rxe3 Bd5+ 34. Qxd5 1-0


[Site "https://www.chess.com"]

[Event "Titled Tuesday Blitz May 9 Late 2023"]
[White "Foerster-Yialamas, Lucas"]
[Black "Salinas Herrera, Pablo"]
[WhiteFideId "30901774"]
[BlackFideId "3407128"]
[WhiteElo "2067"]
[BlackElo "2546"]
[Result "0-1"]
[Round "01"]
[TimeControl "180+2"]
[Date "2023.05.09"]
[WhiteClock "0:00:11"]
[BlackClock "0:02:32"]

1. e4 c5 2. Nf3 e6 3. d4 cxd4 4. Nxd4 a6 5. Nc3 Qc7 6. a3 d6 7. g3 Nc6 8. Be3 Nf6 9. Bg2 Be7 10. O-O O-O 11. Kh1 Ne5 12. Nce2 b5 13. b3 Bb7 14. f3 d5 15. exd5 Nxd5 16. Bd2 Rfd8 17. f4 Ng4 18. h3 Nge3 19. Qe1 Nxg2 20. Qf2 Nge3 21. Rg1 Nxf4+ 22. Kh2 Nxe2 23. Qxe2 Rxd4 24. Bxe3 Re4 25. Rae1 Bc5 26. Qf2 Rxe3 27. Rxe3 Bxe3 0-1


[Site "https://www.chess.com"]

[Event "Titled Tuesday Blitz May 9 Late 2023"]
[White "Rodshtein, Maxim"]
[Black "Martin Barcelo, Carles"]
[WhiteFideId "2806851"]
[BlackFideId "24561444"]
[WhiteElo "2555"]
[BlackElo "2089"]
[Result "0-1"]
[Round "01"]
[TimeControl "180+2"]
[Date "2023.05.09"]
[WhiteClock "0:00:19"]
[BlackClock "0:00:06"]

1. e4 e6 2. d4 d5 3. Nc3 Nf6 4. e5 Nfd7 5. f4 c5 6. Nf3 Nc6 7. Be3 Qb6 8. Na4 Qc7 9. dxc5 Qa5+ 10. c3 b5 11. cxb6 axb6 12. b4 Nxb4 13. cxb4 Bxb4+ 14. Kf2 Qxa4 15. Qxa4 Rxa4 16. Bb5 Ra3 17. Rhc1 O-O 18. Nd4 Bc5 19. Rc2 f6 20. exf6 Nxf6 21. Ke2 Ng4 22. Bg1 Rxf4 23. Nf3 Re4+ 24. Kf1 Ne3+ 25. Bxe3 Rexe3 26. Rd1 Ba6 27. Bxa6 Rxa6 28. Nd2 Rea3 29. Nb3 Rxa2 30. Nxc5 bxc5 31. Rxc5 Ra1 32. Rxa1 Rxa1+ 33. Kf2 Ra3 34. Rc7 h6 35. Re7 Ra6 36. Kf3 Kf8 37. Rd7 Ra4 38. g3 Re4 39. h4 h5 40. Rc7 Kg8 41. Rd7 Kh7 42. Re7 Kg6 43. Rd7 Kf6 44. Rd8 Ke5 45. Rg8 Rg4 46. Re8 d4 47. Rd8 g6 48. Rd7 Kf5 49. Rf7+ Ke5 50. Rd7 Kf6 51. Rd8 e5 52. Rd6+ Ke7 53. Ra6 e4+ 54. Kf2 e3+ 55. Kf3 e2 56. Kxe2 Rxg3 57. Ra4 Rg4 58. Ra6 Kf7 59. Kf3 Rxh4 60. Rd6 Rg4 61. Rd7+ Kf6 62. Rd6+ Kg5 63. Rd8 Kh4 64. Rd6 Rg3+ 65. Kf4 g5+ 66. Ke4 Rg4+ 67. Kf3 Rf4+ 68. Kg2 Kg4 69. Rd5 h4 70. Rd7 Re4 71. Kh2 Re2+ 72. Kg1 Kg3 73. Rd5 Re1# 0-1


[Site "https://www.chess.com"]

[Event "Titled Tuesday Blitz May 9 Late 2023"]
[White "Kovalevsky, Stanislav"]
[Black "Mekhitarian, Krikor Sevag"]
[WhiteFideId "13508598"]
[BlackFideId "2107660"]
[WhiteElo "2174"]
[BlackElo "2604"]
[Result "0-1"]
[Round "01"]
[TimeControl "180+2"]
[Date "2023.05.09"]
[WhiteClock "0:00:13"]
[BlackClock "0:00:29"]

1. c4 e5 2. Nc3 Nf6 3. g3 Bc5 4. Bg2 c6 5. e3 d5 6. cxd5 cxd5 7. d4 exd4 8. exd4 Bb4 9. Ne2 O-O 10. O-O h6 11. Qb3 Bxc3 12. Nxc3 Nc6 13. Nxd5 Nxd4 14. Nxf6+ Qxf6 15. Qa4 b5 16. Qd1 Bf5 17. Bf4 Rad8 18. Qh5 Rfe8 19. Rae1 Bd3 20. Be5 Qf5 21. Qh4 Bxf1 22. Bxd4 Bxg2 23. Rxe8+ Rxe8 24. Kxg2 Qd5+ 25. Kh3 Re4 0-1


[Site "https://www.chess.com"]

[Event "Titled Tuesday Blitz May 9 Late 2023"]
[White "Ohanyan, Emin"]
[Black "Vovk, Orest"]
[WhiteFideId "13312022"]
[BlackFideId "14113490"]
[WhiteElo "2411"]
[BlackElo "2215"]
[Result "1-0"]
[Round "01"]
[TimeControl "180+2"]
[Date "2023.05.09"]
[WhiteClock "0:00:20"]
[BlackClock "0:00:00"]

1. e4 g5 2. d4 g4 3. Nc3 Bg7 4. Be3 d6 5. h3 h5 6. Be2 Nf6 7. e5 dxe5 8. dxe5 Qxd1+ 9. Rxd1 Nfd7 10. e6 fxe6 11. hxg4 hxg4 12. Rxh8+ Bxh8 13. Bxg4 Bxc3+ 14. bxc3 Nf6 15. Bf3 e5 16. Nh3 Nc6 17. Ng5 Bf5 18. Rb1 O-O-O 19. Bxc6 bxc6 20. Bxa7 Bxc2 21. Rb8+ Kd7 22. Rxd8+ Kxd8 23. Nf7+ Kd7 24. Nxe5+ Kd6 25. Nc4+ Ke6 26. Kd2 Be4 27. f3 Bd5 28. Kd3 Nh5 29. Be3 Ng3 30. a4 Nf5 31. Bf2 c5 32. Bxc5 Nh4 33. Ne3 Bc6 34. a5 Ng6 35. Kd2 Nf4 36. a6 Kd7 37. a7 e6 38. Nc4 Kc8 39. Ne5 Bd5 40. g3 Nh3 41. Be3 Kb7 42. Ke2 1-0


[Site "https://www.chess.com"]

[Event "Titled Tuesday Blitz May 9 Late 2023"]
[White "Storey, Charles H"]
[Black "Sattarov, Bobir"]
[WhiteFideId "406686"]
[BlackFideId "14203081"]
[WhiteElo "2196"]
[BlackElo "2351"]
[Result "1-0"]
[Round "01"]
[TimeControl "180+2"]
[Date "2023.05.09"]
[WhiteClock "0:00:09"]
[BlackClock "0:01:39"]

1. e4 e5 2. Nf3 Nc6 3. Bb5 a6 4. Ba4 Bc5 5. O-O Qf6 6. c3 Nge7 7. d3 h6 8. Be3 Ba7 9. Nbd2 O-O 10. Bc2 d6 11. h3 Ng6 12. Bxa7 Rxa7 13. Nc4 Nf4 14. Ne3 Ne7 15. Ng4 Bxg4 16. hxg4 Raa8 17. g3 Ne6 18. Kg2 Rad8 19. Bb3 d5 20. Qe2 dxe4 21. dxe4 Ng6 22. Bxe6 Qxe6 23. Nh4 Nxh4+ 24. gxh4 Rd6 25. Rad1 Rfd8 26. Rxd6 Rxd6 27. b3 Qd7 28. Qf3 Rd3 29. Qf5 Qd8 30. g5 hxg5 31. hxg5 g6 32. Qxe5 Qd7 33. f3 Qd6 34. Qxd6 cxd6 35. c4 Kf8 36. Rf2 Ke7 37. Rc2 Ke6 38. Kf2 Ke5 39. Ke2 Rd4 40. Ke3 Rd1 41. f4+ Ke6 42. Rd2 Re1+ 43. Kd4 Rf1 44. Ke3 Re1+ 45. Re2 Ra1 46. Kd4 Rd1+ 47. Kc3 Rf1 48. f5+ Ke5 49. fxg6 fxg6 50. Rd2 Rf3+ 51. Kb4 Rf7 52. Rd5+ Ke6 53. Ka5 Rf4 54. Rd4 Rf2 55. a4 Rb2 56. b4 Ke5 57. Rd5+ Kxe4 58. Rxd6 Kf5 59. Rb6 Kxg5 60. Rxb7 Kf5 61. c5 g5 62. Kxa6 g4 63. b5 g3 64. Rg7 g2 65. c6 Re2 66. a5 Kf6 67. Rg8 Kf7 68. Rg3 Ke7 69. Kb6 Kd8 70. a6 Ra2 71. a7 Ke7 72. Rxg2 Rxg2 73. a8=Q Rc2 74. Qb7+ Ke6 75. Qd7+ Ke5 76. c7 Ke4 77. c8=Q Ke3 78. Qxc2 Kf3 79. Qdd3+ 1-0


[Site "https://www.chess.com"]

[Event "Titled Tuesday Blitz May 9 Late 2023"]
[White "Riehle, Marco"]
[Black "Sliwicki, Damian"]
[WhiteFideId "12904392"]
[BlackFideId "1127128"]
[WhiteElo "2462"]
[BlackElo "2030"]
[Result "1-0"]
[Round "01"]
[TimeControl "180+2"]
[Date "2023.05.09"]
[WhiteClock "0:00:12"]
[BlackClock "0:00:00"]

1. e4 c5 2. a3 g6 3. h4 Nc6 4. h5 Nf6 5. hxg6 fxg6 6. Nc3 Bg7 7. Bc4 Qc7 8. d3 d6 9. Bg5 Bd7 10. Qd2 e6 11. Nf3 O-O-O 12. O-O-O a6 13. Kb1 b5 14. Bb3 Rde8 15. Rh3 Ng4 16. Bf4 Na5 17. Ba2 b4 18. axb4 cxb4 19. Ne2 Nxf2 20. Qxb4 Nxd1 21. Bxd6 Qb7 22. Qc5+ Nc6 23. Bb3 Nxb2 24. e5 Na4 25. Qc4 Nb6 26. Qc5 h5 27. Nfd4 Bf8 28. Rh4 Bxd6 29. exd6 Na4 30. Qa3 Nb6 31. Nxc6 Bxc6 32. Rb4 Rd8 33. Qa5 Bb5 34. Bxe6+ Kb8 35. Rd4 Rhe8 36. Nf4 Ka7 37. Bb3 g5 38. Ne6 Rd7 39. Nc5 Qc6 40. Nxd7 Nxd7 41. Qb4 Nc5 42. Bc4 Bxc4 43. Qxc4 Rb8+ 44. Kc1 Qb6 45. d7 Nb7 46. Rd5 Qe3+ 47. Kd1 Qg1+ 48. Kd2 Qf2+ 49. Kc3 Qe1+ 50. Kd4 Qf2+ 51. Ke5 Qg3+ 52. Kf6 Qxg2 53. Qd4+ Ka8 54. d8=Q Qf3+ 55. Kxg5 Nxd8 56. Rxd8 Qg3+ 57. Kxh5 Qh3+ 58. Kg6 Qg3+ 59. Kf7 Qc7+ 60. Ke8 Qc6+ 61. Ke7 Qc7+ 62. Rd7 1-0


[Site "https://www.chess.com"]

[Event "Titled Tuesday Blitz May 9 Late 2023"]
[White "Golubev, Mikhail"]
[Black "Kravtsiv, Martyn"]
[WhiteFideId "14100983"]
[BlackFideId "14113147"]
[WhiteElo "2374"]
[BlackElo "2695"]
[Result "0-1"]
[Round "01"]
[TimeControl "180+2"]
[Date "2023.05.09"]
[WhiteClock "0:00:00"]
[BlackClock "0:01:38"]

1. e4 e5 2. Nf3 Nc6 3. Bc4 Nf6 4. Ng5 d5 5. exd5 Na5 6. Bb5+ c6 7. dxc6 bxc6 8. Bd3 Be7 9. O-O O-O 10. Re1 Qc7 11. Nc3 h6 12. Nf3 Bd6 13. b3 Nd5 14. Bb2 Nf4 15. Bf1 f5 16. Nxe5 Bxe5 17. Nb5 Nh3+ 18. gxh3 Bxh2+ 19. Kh1 cxb5 20. Bg2 Bb7 21. Bxb7 Nxb7 22. Qf3 Rf7 23. Re6 Rd8 24. Rae1 Bd6 25. Rg1 Bf4 26. Reg6 Be5 27. Bxe5 Qxe5 28. Rxh6 Qe4 29. Qxe4 fxe4 30. Rg2 Rxd2 0-1


[Site "https://www.chess.com"]

[Event "Titled Tuesday Blitz May 9 Late 2023"]
[White "Kobo, Ori"]
[Black "Jimenez Almeida, Luis David"]
[WhiteFideId "2812320"]
[BlackFideId "22242244"]
[WhiteElo "2454"]
[BlackElo "2245"]
[Result "1-0"]
[Round "01"]
[TimeControl "180+2"]
[Date "2023.05.09"]
[WhiteClock "0:00:35"]
[BlackClock "0:00:07"]

1. e4 c6 2. Nf3 g6 3. d4 Na6 4. c4 Bg7 5. Nc3 d6 6. h3 Nf6 7. Be2 Nc7 8. O-O O-O 9. Be3 Nd7 10. Re1 Re8 11. Rc1 a5 12. Qd2 b6 13. Bh6 Bh8 14. Rf1 Ba6 15. Rfd1 b5 16. cxb5 cxb5 17. Bd3 b4 18. Ne2 Bxd3 19. Qxd3 Ne6 20. Rc4 Nb6 21. Rc6 Rc8 22. Rdc1 Rxc6 23. Rxc6 Nd7 24. Qb5 Nf6 25. Ng3 Qa8 26. Qc4 Nd7 27. Ra6 Qb7 28. Rxa5 Rc8 29. Qd3 Qc7 30. Rb5 Qc4 31. Qxc4 Rxc4 32. Rb7 Rc7 33. Rxb4 Ra7 34. a3 Nc7 35. Rc4 e6 36. Ne2 f5 37. exf5 gxf5 38. Rc2 Kf7 39. Be3 Nd5 40. Nc3 Nxe3 41. fxe3 Nb6 42. Nb5 Rd7 43. Rc6 Nd5 44. Nxd6+ Ke7 45. Nc4 Rb7 46. b4 f4 47. e4 Ne3 48. Nxe3 fxe3 49. Kf1 Ra7 50. Rc3 1-0


[Site "https://www.chess.com"]

[Event "Titled Tuesday Blitz May 9 Late 2023"]
[White "sebastianmarinp"]
[Black "Peng, Li Min"]
[BlackFideId "14112620"]
[WhiteElo "2438"]
[BlackElo "2436"]
[Result "0-1"]
[Round "01"]
[TimeControl "180+2"]
[Date "2023.05.09"]
[WhiteClock "0:00:00"]
[BlackClock "0:00:39"]

1. e4 Nc6 2. Nf3 d6 3. Nc3 Nf6 4. d4 g6 5. Be2 Bg7 6. d5 Nb8 7. O-O O-O 8. Be3 c6 9. Qd2 b5 10. dxc6 b4 11. Nd5 Nxc6 12. Nxf6+ Bxf6 13. Nd4 Bb7 14. a3 a5 15. Bb5 Nxd4 16. Bxd4 Bxe4 17. Bxf6 exf6 18. axb4 axb4 19. Rae1 Bf5 20. Bc4 Qc7 21. Bb3 Rab8 22. Rd1 Rfd8 23. Qd4 Kg7 24. g4 Be6 25. g5 Qe7 26. Rfe1 Rb5 27. f4 d5 28. Re3 Rd6 29. Rf1 Qd8 30. h4 Bf5 31. Rfe1 Qb6 32. Qxb6 Rbxb6 33. Re7 fxg5 34. hxg5 Be6 35. Rc7 Rdc6 36. Rxc6 Rxc6 37. Kf2 d4 38. Bxe6 Rxc2+ 39. Re2 d3 0-1


[Site "https://www.chess.com"]

[Event "Titled Tuesday Blitz May 9 Late 2023"]
[White "Pakleza, Zbigniew"]
[Black "Rios Escobar, Adan"]
[WhiteFideId "1119290"]
[BlackFideId "3403645"]
[WhiteElo "2410"]
[BlackElo "2437"]
[Result "1-0"]
[Round "01"]
[TimeControl "180+2"]
[Date "2023.05.09"]
[WhiteClock "0:00:13"]
[BlackClock "0:00:00"]

1. d4 Nf6 2. Nf3 g6 3. Bf4 Bg7 4. e3 d6 5. h3 b6 6. Be2 Bb7 7. O-O O-O 8. Nbd2 Nbd7 9. c3 Ne4 10. Bh2 Qe8 11. a4 a6 12. Qb3 e5 13. Rfd1 h6 14. a5 b5 15. c4 Nxd2 16. Rxd2 Rb8 17. cxb5 Bxf3 18. Bxf3 Rxb5 19. Qd1 exd4 20. exd4 Rb4 21. Bf4 Qb8 22. Ra2 Re8 23. Be3 Qb5 24. Rc2 c5 25. dxc5 dxc5 26. Qd6 Rd4 27. Bxd4 Bxd4 28. Ra1 Qb4 29. Qxd7 1-0


[Site "https://www.chess.com"]

[Event "Titled Tuesday Blitz May 9 Late 2023"]
[White "Kaplan, Avi Harrison"]
[Black "Remizov, Yaroslav"]
[WhiteFideId "30934559"]
[BlackFideId "34134015"]
[WhiteElo "1983"]
[BlackElo "2400"]
[Result "0-1"]
[Round "01"]
[TimeControl "180+2"]
[Date "2023.05.09"]
[WhiteClock "0:00:02"]
[BlackClock "0:00:42"]

1. g3 h5 2. Bg2 h4 3. b3 Nc6 4. Bb2 d5 5. c4 d4 6. e3 Nb4 7. Bxd4 e5 8. Bc3 Nd3+ 9. Ke2 Nf6 10. Kf1 Ng4 11. Nh3 hxg3 12. hxg3 Rxh3 13. Rxh3 Ngxf2 14. Qh5 Qf6 15. Rh4 Ne4+ 16. Kg1 Qf2+ 17. Kh2 Qxg3+ 18. Kg1 g6 19. Qh8 Ng5 20. Kh1 Bh3 21. Rxh3 Nxh3 22. Qxf8+ Kxf8 23. Bb4+ Kg8 24. Bxh3 Nf2# 0-1


[Site "https://www.chess.com"]

[Event "Titled Tuesday Blitz May 9 Late 2023"]
[White "Hambleton, Aman"]
[Black "Gutkin, Ilya"]
[WhiteFideId "2606577"]
[BlackFideId "16203470"]
[WhiteElo "2511"]
[BlackElo "2265"]
[Result "1-0"]
[Round "01"]
[TimeControl "180+2"]
[Date "2023.05.09"]
[WhiteClock "0:01:21"]
[BlackClock "0:00:03"]

1. d4 e6 2. Bf4 Nf6 3. e3 c5 4. c3 d5 5. Nf3 Bd6 6. Nbd2 O-O 7. Bd3 Nc6 8. Bg3 Qe7 9. Ne5 Nd7 10. Nxd7 Bxd7 11. Bxd6 Qxd6 12. dxc5 Qxc5 13. Bxh7+ Kxh7 14. Qh5+ Kg8 15. Ne4 Qc4 16. Ng5 Qd3 17. e4 Rfe8 18. Qxf7+ Kh8 19. Qh5+ Kg8 20. Rd1 Qb5 21. Qf7+ Kh8 22. Qxd7 Re7 23. Qd6 Qxb2 24. Qg3 Kg8 25. Qh3 Ree8 26. O-O Kf8 27. Rb1 Qd2 28. Rxb7 Ne7 29. Qh8+ Ng8 30. Nh7# 1-0


[Site "https://www.chess.com"]